 Dungeon Crawl Stone Soup version 0.29.0-4-gdea44cf6ec (webtiles) character file.

Game seed: 9537653874847040525

47 qw the Caller (level 3, -1/29 HPs)
             Began as a Ghoul Summoner on Sept 9, 2022.
             Slain by Terence
             ... wielding a +0 short sword
              (3 damage)
             ... on level 3 of the Dungeon.
             The game lasted 00:01:30 (3240 turns).

qw the Caller (Ghoul Summoner)                      Turns: 3240, Time: 00:01:31

Health: -1/29      AC:  7    Str: 13    XL:     3   Next: 70%
Magic:  0/4        EV: 10    Int: 10    God:
Gold:   59         SH:  0    Dex:  9    Spells: 4/5 levels left

rFire   . . .      SeeInvis .   Y - +0 rapier
rCold   + . .      Faith    .   (no shield)
rNeg    + + +      Spirit   .   k - +0 ring mail
rPois   inf        Reflect  .   (no helmet)
rElec   .          Harm     .   d - +1 cloak
rCorr   .          Rampage  .   (no gloves)
Will    .....                   (no boots)
Stlth   +.........              (no amulet)
HPRegen 0.00/turn               (no ring)
MPRegen 0.09/turn               (no ring)

@: inhibited regen
A: claws 1, cold resistance 1, negative energy resistance 3, inhibited
regeneration, torment resistance 2, devour on kill
a: no special abilities


You were on level 3 of the Dungeon.
You visited 1 branch of the dungeon, and saw 3 of its levels.

You collected 130 gold pieces.
You spent 71 gold pieces at shops.


Innate Abilities, Weirdness & Mutations

You are immune to poison.
You have sharp fingernails.
Your flesh is cold resistant. (rC+)
You are immune to negative energy. (rN+++)
You do not regenerate when monsters are visible.
You are immune to unholy pain and torment.
You thrive by killing the living.


   Skills:
 - Level 2.0 Fighting
 + Level 2.2 Axes
 - Level 1.7 Dodging
 - Level 2.1 Stealth
 - Level 1.7 Spellcasting
 - Level 3.6 Summonings


You had 4 spell levels left.
You knew the following spells:

 Your Spells              Type           Power      Damage    Failure   Level
a - Summon Small Mammal   Summ           32%        N/A       16%         1

Your spell library contained the following spells:

 Spells                   Type           Power      Damage    Failure   Level
 Call Imp                 Summ           8%         N/A       24%         2
 Call Canine Familiar     Summ           8%         N/A       43%         3
 Summon Guardian Golem    Hex/Summ       4%         N/A       71%         3
 Summon Lightning Spire   Summ/Air       4%         N/A       98%         4

Inventory:

Hand Weapons
 Y - a +0 rapier (weapon)
Armour
 d - a +1 cloak (worn)
 k - a +0 ring mail (worn)
Scrolls
 f - 2 scrolls of identify
Potions
 c - 4 potions of curing
 i - a potion of cancellation

Dungeon Overview and Level Annotations

Branches:
Dungeon (3/15)

Altars:

Shops:
D:2 [

Annotations:
D:3 2 runed translucent doors, Terence


Message History

Your bat hits Terence but does no damage.
The orc hits your bat with a +0 flail!
Your bat dies!
Your bat's corpse disappears in a puff of smoke!
You completely miss Terence. Terence hits you with a +0 short sword.
3228 ||| Stepping ~*~*~tactically~*~*~ (outnumbered).
3229 ||| Stepping ~*~*~tactically~*~*~ (outnumbered).
3230 ||| Stepping ~*~*~tactically~*~*~ (outnumbered).
3231 ||| Stepping ~*~*~tactically~*~*~ (outnumbered).
The orc attacks as you move away! The orc closely misses you.
3232 ||| CASTING Summon Small Mammal
Casting: Summon Small Mammal (safe; 16% risk of failure)
Confirm with . or Enter, or press ? or * to list all spells.
Terence closely misses you.
3233 ||| Stepping ~*~*~tactically~*~*~ (outnumbered).
You swap places.
Terence hits your rat with a +0 short sword!
Your rat dies!
Your rat's corpse disappears in a puff of smoke!
You closely miss the orc. The orc hits you but does no damage.
3235 ||| Stepping ~*~*~tactically~*~*~ (outnumbered).
Terence attacks as you move away! Terence hits you but does no damage.
The orc attacks as you move away! The orc hits you with a +0 dagger.
You hit Terence but do no damage. Terence hits you with a +0 short sword.
Terence hits you but does no damage.
3237 ||| Stepping ~*~*~tactically~*~*~ (outnumbered).
The orc attacks as you move away! The orc hits you but does no damage.
The orc attacks as you move away! The orc hits you with a +0 dagger.
The orc throws a stone.
The stone hits you.
3238 ||| Stepping ~*~*~tactically~*~*~ (hiding).
3239 ||| CASTING Summon Small Mammal
Casting: Summon Small Mammal (safe; 16% risk of failure)
Confirm with . or Enter, or press ? or * to list all spells.
Terence closely misses you.
You hit Terence.
Terence is lightly wounded.
Terence hits you with a +0 short sword.
You die...

.####.##.#
....$##.##.#
......# .# #..
.......w.....
.####### # #.#
......##.##.#
<....... #.#
......#...#.#
.####### #.#
............ .. #.#
###.##...#.. .##
#.# #=..oo.... .#
#r# ####..o##. .#
#@# ########.###.
.#
#@####.o..........
.#
#oo.o..w......####
#.....<{.....###.##
##########...# #.#
#.### #.# #.# #.#
#.# #.. #.# ###


You could see Terence (ally target), 2 orcs and a friendly rat (summoned).

Vanquished Creatures
  A worm (D:2)
  A dart slug (D:2)
  A ball python (D:1)
  2 bats (D:1)
  3 endoplasms
  3 giant cockroaches
  3 goblins
  A hobgoblin (D:1)
  2 quokkas
  2 frilled lizards (D:1)
  A rat (D:1)
20 creatures vanquished.

Vanquished Creatures (collateral kills)
  3 endoplasms
  A giant cockroach (D:2)
  A goblin (D:1)
  2 hobgoblins
  2 bats
  4 frilled lizards
  3 kobolds
  3 rats
19 creatures vanquished.

Vanquished Creatures (others)
  2 fungi (D:2)
  A plant (D:2)
3 creatures vanquished.

Grand Total: 42 creatures vanquished

Notes
Turn   | Place    | Note
-------+----------+-------------------------------------------
     0 | D:1      | qw the Ghoul Summoner began the quest for the Orb.
     0 | D:1      | Reached XP level 1. HP: 14/14 MP: 2/2
     0 | D:1      | 0 ||| qw: Version: 0.1-a-113-g051387a
     0 | D:1      | 0 ||| qw: Game counter: 7259
     0 | D:1      | 0 ||| qw: Always use a shield: true
     0 | D:1      | 0 ||| qw: God list: Okawaru
     0 | D:1      | 0 ||| qw: Allow faded altars: false
     0 | D:1      | 0 ||| qw: Do Orc after D:15 true
     0 | D:1      | 0 ||| qw: Do second Lair branch before Depths: true
     0 | D:1      | 0 ||| qw: Lair rune preference: random
     0 | D:1      | 0 ||| qw: Plans: Normal
     0 | D:1      | 0 ||| PLANNING D:1-11
    29 | D:1      | 29 ||| CASTING Summon Small Mammal
    30 | D:1      | 30 ||| CASTING Summon Small Mammal
    58 | D:1      | 58 ||| CASTING Summon Small Mammal
    59 | D:1      | 59 ||| CASTING Summon Small Mammal
    86 | D:1      | 86 ||| CASTING Summon Small Mammal
    87 | D:1      | 87 ||| CASTING Summon Small Mammal
    96 | D:1      | Reached skill level 1 in Axes
    99 | D:1      | 99 ||| CASTING Summon Small Mammal
   105 | D:1      | Reached XP level 2. HP: 7/22 MP: 0/3
   108 | D:1      | HP: 4/22 [rat (3)]
   367 | D:1      | 367 ||| Wielding weapon +0 club.
   392 | D:1      | 392 ||| CASTING Summon Small Mammal
   393 | D:1      | 393 ||| CASTING Summon Small Mammal
   394 | D:1      | 394 ||| Stepping ~*~*~tactically~*~*~ (stealth).
   395 | D:1      | 395 ||| CASTING Summon Small Mammal
   401 | D:1      | 401 ||| Stepping ~*~*~tactically~*~*~ (outnumbered).
   402 | D:1      | 402 ||| Stepping ~*~*~tactically~*~*~ (outnumbered).
   403 | D:1      | 403 ||| Stepping ~*~*~tactically~*~*~ (outnumbered).
   404 | D:1      | 404 ||| CASTING Summon Small Mammal
   406 | D:1      | Reached skill level 1 in Fighting
   620 | D:1      | 620 ||| CASTING Summon Small Mammal
   621 | D:1      | 621 ||| CASTING Summon Small Mammal
   622 | D:1      | 622 ||| CASTING Summon Small Mammal
   724 | D:1      | 724 ||| CASTING Summon Small Mammal
   725 | D:1      | 725 ||| CASTING Summon Small Mammal
   726 | D:1      | 726 ||| CASTING Summon Small Mammal
   885 | D:1      | 885 ||| CASTING Summon Small Mammal
   886 | D:1      | 886 ||| CASTING Summon Small Mammal
   887 | D:1      | 887 ||| CASTING Summon Small Mammal
   928 | D:1      | 928 ||| CASTING Summon Small Mammal
   929 | D:1      | 929 ||| CASTING Summon Small Mammal
   930 | D:1      | 930 ||| CASTING Summon Small Mammal
   941 | D:1      | 941 ||| CASTING Summon Small Mammal
   950 | D:1      | 950 ||| Stepping ~*~*~tactically~*~*~ (outnumbered).
   951 | D:1      | 951 ||| Stepping ~*~*~tactically~*~*~ (outnumbered).
   952 | D:1      | 952 ||| Stepping ~*~*~tactically~*~*~ (outnumbered).
   953 | D:1      | 953 ||| Stepping ~*~*~tactically~*~*~ (outnumbered).
   954 | D:1      | 954 ||| Stepping ~*~*~tactically~*~*~ (outnumbered).
   955 | D:1      | 955 ||| CASTING Summon Small Mammal
  1017 | D:1      | 1017 ||| CASTING Summon Small Mammal
  1018 | D:1      | 1018 ||| CASTING Summon Small Mammal
  1019 | D:1      | 1019 ||| CASTING Summon Small Mammal
  1090 | D:1      | 1090 ||| CASTING Summon Small Mammal
  1091 | D:1      | 1091 ||| CASTING Summon Small Mammal
  1092 | D:1      | 1092 ||| CASTING Summon Small Mammal
  1165 | D:1      | 1165 ||| CASTING Summon Small Mammal
  1166 | D:1      | 1166 ||| CASTING Summon Small Mammal
  1167 | D:1      | 1167 ||| CASTING Summon Small Mammal
  1262 | D:1      | 1262 ||| CASTING Summon Small Mammal
  1263 | D:1      | 1263 ||| CASTING Summon Small Mammal
  1264 | D:1      | 1264 ||| CASTING Summon Small Mammal
  1274 | D:1      | 1274 ||| CASTING Summon Small Mammal
  1399 | D:1      | 1399 ||| READING scroll labelled ONEOPAFORE.
  1400 | D:1      | 1400 ||| READING 3 scrolls labelled BOBBOUHUF.
  1401 | D:1      | 1401 ||| READING scroll labelled TAITEA EWAIZ.
  1402 | D:1      | 1402 ||| READING scroll labelled LOICET CATANNUWU.
  1503 | D:1      | 1503 ||| DRINKING 2 fizzy yellow potions.
  1504 | D:1      | 1504 ||| READING 2 scrolls of identify.
  1504 | D:1      | 1504 ||| IDENTIFYING grey potion
  1505 | D:1      | 1505 ||| DROPPING potion of magic.
  1519 | D:2      | 1519 ||| CASTING Summon Small Mammal
  1520 | D:2      | 1520 ||| STAIRDANCE
  1533 | D:2      | 1533 ||| Stepping ~*~*~tactically~*~*~ (outnumbered).
  1534 | D:2      | 1534 ||| Stepping ~*~*~tactically~*~*~ (outnumbered).
  1535 | D:2      | 1535 ||| Stepping ~*~*~tactically~*~*~ (outnumbered).
  1536 | D:2      | 1536 ||| Stepping ~*~*~tactically~*~*~ (outnumbered).
  1537 | D:2      | 1537 ||| Stepping ~*~*~tactically~*~*~ (outnumbered).
  1538 | D:2      | 1538 ||| Stepping ~*~*~tactically~*~*~ (outnumbered).
  1539 | D:2      | 1539 ||| Stepping ~*~*~tactically~*~*~ (outnumbered).
  1540 | D:2      | 1540 ||| Stepping ~*~*~tactically~*~*~ (outnumbered).
  1541 | D:2      | 1541 ||| Stepping ~*~*~tactically~*~*~ (outnumbered).
  1542 | D:2      | 1542 ||| Stepping ~*~*~tactically~*~*~ (outnumbered).
  1543 | D:2      | 1543 ||| Stepping ~*~*~tactically~*~*~ (outnumbered).
  1544 | D:2      | 1544 ||| Stepping ~*~*~tactically~*~*~ (outnumbered).
  1545 | D:2      | 1545 ||| Stepping ~*~*~tactically~*~*~ (outnumbered).
  1546 | D:2      | 1546 ||| Stepping ~*~*~tactically~*~*~ (outnumbered).
  1546 | D:2      | Found Tolueted's Armour Boutique.
  1547 | D:2      | 1547 ||| Stepping ~*~*~tactically~*~*~ (outnumbered).
  1548 | D:2      | 1548 ||| Stepping ~*~*~tactically~*~*~ (outnumbered).
  1549 | D:2      | 1549 ||| Stepping ~*~*~tactically~*~*~ (outnumbered).
  1550 | D:2      | 1550 ||| CASTING Summon Small Mammal
  1551 | D:2      | 1551 ||| CASTING Summon Small Mammal
  1552 | D:2      | 1552 ||| CASTING Summon Small Mammal
  1557 | D:2      | Reached XP level 3. HP: 9/28 MP: 0/4
  1562 | D:2      | 1562 ||| CASTING Summon Small Mammal
  1571 | D:2      | 1571 ||| CASTING Summon Small Mammal
  1703 | D:2      | 1703 ||| CASTING Summon Small Mammal
  1709 | D:2      | 1709 ||| CASTING Summon Small Mammal
  1710 | D:2      | 1710 ||| CASTING Summon Small Mammal
  1711 | D:2      | 1711 ||| CASTING Summon Small Mammal
  1714 | D:2      | 1714 ||| CASTING Summon Small Mammal
  1820 | D:2      | 1820 ||| Stepping ~*~*~tactically~*~*~ (stealth).
  1822 | D:2      | 1822 ||| Stepping ~*~*~tactically~*~*~ (stealth).
  1825 | D:2      | 1825 ||| CASTING Summon Small Mammal
  1826 | D:2      | 1826 ||| CASTING Summon Small Mammal
  1827 | D:2      | 1827 ||| CASTING Summon Small Mammal
  1828 | D:2      | 1828 ||| CASTING Summon Small Mammal
  1896 | D:2      | 1896 ||| SWAPPING to +0 rapier.
  1897 | D:2      | 1897 ||| DROPPING +0 club.
  1900 | D:2      | 1900 ||| CASTING Summon Small Mammal
  1901 | D:2      | 1901 ||| CASTING Summon Small Mammal
  1902 | D:2      | 1902 ||| CASTING Summon Small Mammal
  1903 | D:2      | 1903 ||| CASTING Summon Small Mammal
  1911 | D:2      | 1911 ||| CASTING Summon Small Mammal
  1959 | D:2      | 1959 ||| BUYING +0 cloak (49 gold).
  1959 | D:2      | Bought a +0 cloak for 49 gold pieces
  1959 | D:2      | 1959 ||| BUYING +0 leather armour (22 gold).
  1959 | D:2      | Bought a +0 leather armour for 22 gold pieces
  1959 | D:2      | 1959 ||| SHOPLISTING +0 plate armour (253 gold, have 16).
  1959 | D:2      | 1959 ||| SHOPLISTING +0 ring mail (44 gold, have 16).
  1959 | D:2      | 1959 ||| SHOPLISTING +0 robe of Icser {+Blink rF+} (238
                  | gold, have 16).
  1959 | D:2      | 1959 ||| SHOPLISTING +2 leather armour of fire resistance
                  | (209 gold, have 16).
  1959 | D:2      | 1959 ||| SHOPLISTING +2 pair of boots of stealth (236 gold,
                  | have 16).
  1959 | D:2      | 1959 ||| SHOPLISTING +2 plate armour of fire resistance
                  | (440 gold, have 16).
  2008 | D:2      | 2008 ||| CASTING Summon Small Mammal
  2009 | D:2      | 2009 ||| CASTING Summon Small Mammal
  2010 | D:2      | 2010 ||| CASTING Summon Small Mammal
  2011 | D:2      | 2011 ||| CASTING Summon Small Mammal
  2077 | D:2      | 2077 ||| CASTING Summon Small Mammal
  2078 | D:2      | 2078 ||| CASTING Summon Small Mammal
  2079 | D:2      | 2079 ||| CASTING Summon Small Mammal
  2080 | D:2      | 2080 ||| CASTING Summon Small Mammal
  2130 | D:2      | 2130 ||| CASTING Summon Small Mammal
  2131 | D:2      | 2131 ||| CASTING Summon Small Mammal
  2132 | D:2      | 2132 ||| CASTING Summon Small Mammal
  2133 | D:2      | 2133 ||| CASTING Summon Small Mammal
  2245 | D:2      | 2245 ||| CASTING Summon Small Mammal
  2246 | D:2      | 2246 ||| CASTING Summon Small Mammal
  2247 | D:2      | 2247 ||| CASTING Summon Small Mammal
  2248 | D:2      | 2248 ||| CASTING Summon Small Mammal
  2256 | D:2      | 2256 ||| CASTING Summon Small Mammal
  2307 | D:2      | 2307 ||| CASTING Summon Small Mammal
  2308 | D:2      | 2308 ||| CASTING Summon Small Mammal
  2309 | D:2      | 2309 ||| CASTING Summon Small Mammal
  2310 | D:2      | 2310 ||| CASTING Summon Small Mammal
  2320 | D:2      | 2320 ||| CASTING Summon Small Mammal
  2366 | D:2      | 2366 ||| CASTING Summon Small Mammal
  2367 | D:2      | 2367 ||| CASTING Summon Small Mammal
  2368 | D:2      | 2368 ||| CASTING Summon Small Mammal
  2369 | D:2      | 2369 ||| CASTING Summon Small Mammal
  2412 | D:2      | 2412 ||| CASTING Summon Small Mammal
  2413 | D:2      | 2413 ||| CASTING Summon Small Mammal
  2414 | D:2      | 2414 ||| CASTING Summon Small Mammal
  2415 | D:2      | 2415 ||| CASTING Summon Small Mammal
  2457 | D:2      | 2457 ||| CASTING Summon Small Mammal
  2458 | D:2      | 2458 ||| CASTING Summon Small Mammal
  2459 | D:2      | 2459 ||| CASTING Summon Small Mammal
  2460 | D:2      | 2460 ||| CASTING Summon Small Mammal
  2535 | D:2      | 2535 ||| CASTING Summon Small Mammal
  2536 | D:2      | 2536 ||| CASTING Summon Small Mammal
  2537 | D:2      | 2537 ||| CASTING Summon Small Mammal
  2538 | D:2      | 2538 ||| CASTING Summon Small Mammal
  2546 | D:2      | 2546 ||| CASTING Summon Small Mammal
  2633 | D:2      | Found a faded altar of an unknown god.
  2659 | D:2      | 2659 ||| CASTING Summon Small Mammal
  2662 | D:2      | 2662 ||| CASTING Summon Small Mammal
  2663 | D:2      | 2663 ||| CASTING Summon Small Mammal
  2664 | D:2      | 2664 ||| CASTING Summon Small Mammal
  2670 | D:2      | 2670 ||| CASTING Summon Small Mammal
  2800 | D:2      | 2800 ||| UPGRADING to +0 cloak.
  2805 | D:2      | 2805 ||| UPGRADING to +0 leather armour.
  2815 | D:2      | 2815 ||| DROPPING +0 robe.
  2816 | D:2      | 2816 ||| UPGRADING to +0 ring mail.
  2826 | D:2      | 2826 ||| DROPPING +0 leather armour.
  2827 | D:2      | 2827 ||| READING scroll of enchant armour.
  2827 | D:2      | 2827 ||| ENCHANTING +0 cloak.
  2828 | D:2      | 2828 ||| READING scroll labelled BUZUITHR ERAASHO.
  2829 | D:2      | 2829 ||| READING scroll labelled BEZOPH GAST.
  2830 | D:2      | 2830 ||| READING 2 scrolls labelled LYXKUACA LOLOO.
  2834 | D:2      | 2834 ||| READING scroll labelled FEJIGU RABENNO.
  2835 | D:2      | 2835 ||| READING 3 scrolls of identify.
  2835 | D:2      | 2835 ||| IDENTIFYING white potion
  2836 | D:2      | 2836 ||| DROPPING potion of attraction.
  2843 | D:3      | 2843 ||| PLANNING SEWER
  2860 | D:3      | 2860 ||| CASTING Summon Small Mammal
  2861 | D:3      | 2861 ||| CASTING Summon Small Mammal
  2862 | D:3      | 2862 ||| CASTING Summon Small Mammal
  2863 | D:3      | 2863 ||| CASTING Summon Small Mammal
  2910 | D:3      | 2910 ||| Stepping ~*~*~tactically~*~*~ (hiding).
  2912 | D:3      | 2912 ||| CASTING Summon Small Mammal
  2913 | D:3      | 2913 ||| CASTING Summon Small Mammal
  2914 | D:3      | 2914 ||| CASTING Summon Small Mammal
  2915 | D:3      | 2915 ||| CASTING Summon Small Mammal
  2917 | D:3      | 2917 ||| Stepping ~*~*~tactically~*~*~ (outnumbered).
  2920 | D:3      | 2920 ||| Stepping ~*~*~tactically~*~*~ (outnumbered).
  2921 | D:3      | 2921 ||| Stepping ~*~*~tactically~*~*~ (outnumbered).
  2923 | D:3      | 2923 ||| CASTING Summon Small Mammal
  2932 | D:3      | 2932 ||| CASTING Summon Small Mammal
  2941 | D:3      | 2941 ||| CASTING Summon Small Mammal
  2943 | D:3      | HP: 7/29 [something (1)]
  2944 | D:3      | 2944 ||| READING scroll of teleportation.
  3048 | D:3      | 3048 ||| Invisible monster not found???
  3200 | D:3      | 3200 ||| Stepping ~*~*~tactically~*~*~ (stealth).
  3201 | D:3      | Found a large runed translucent door.
  3202 | D:3      | 3202 ||| Stepping ~*~*~tactically~*~*~ (hiding).
  3202 | D:3      | Found a large runed translucent door.
  3203 | D:3      | 3203 ||| Stepping ~*~*~tactically~*~*~ (hiding).
  3204 | D:3      | 3204 ||| Stepping ~*~*~tactically~*~*~ (hiding).
  3205 | D:3      | 3205 ||| Stepping ~*~*~tactically~*~*~ (hiding).
  3206 | D:3      | 3206 ||| CASTING Summon Small Mammal
  3206 | D:3      | Noticed Terence
  3207 | D:3      | 3207 ||| CASTING Summon Small Mammal
  3208 | D:3      | 3208 ||| CASTING Summon Small Mammal
  3209 | D:3      | 3209 ||| Stepping ~*~*~tactically~*~*~ (hiding).
  3210 | D:3      | 3210 ||| Stepping ~*~*~tactically~*~*~ (outnumbered).
  3211 | D:3      | 3211 ||| Stepping ~*~*~tactically~*~*~ (hiding).
  3212 | D:3      | 3212 ||| Stepping ~*~*~tactically~*~*~ (outnumbered).
  3213 | D:3      | 3213 ||| Stepping ~*~*~tactically~*~*~ (hiding).
  3214 | D:3      | 3214 ||| CASTING Summon Small Mammal
  3215 | D:3      | 3215 ||| Stepping ~*~*~tactically~*~*~ (hiding).
  3217 | D:3      | 3217 ||| CASTING Summon Small Mammal
  3219 | D:3      | 3219 ||| Stepping ~*~*~tactically~*~*~ (outnumbered).
  3221 | D:3      | 3221 ||| Stepping ~*~*~tactically~*~*~ (outnumbered).
  3223 | D:3      | 3223 ||| Stepping ~*~*~tactically~*~*~ (outnumbered).
  3224 | D:3      | 3224 ||| Stepping ~*~*~tactically~*~*~ (outnumbered).
  3225 | D:3      | 3225 ||| Stepping ~*~*~tactically~*~*~ (outnumbered).
  3226 | D:3      | 3226 ||| Stepping ~*~*~tactically~*~*~ (outnumbered).
  3228 | D:3      | 3228 ||| Stepping ~*~*~tactically~*~*~ (outnumbered).
  3229 | D:3      | 3229 ||| Stepping ~*~*~tactically~*~*~ (outnumbered).
  3230 | D:3      | 3230 ||| Stepping ~*~*~tactically~*~*~ (outnumbered).
  3231 | D:3      | 3231 ||| Stepping ~*~*~tactically~*~*~ (outnumbered).
  3232 | D:3      | 3232 ||| CASTING Summon Small Mammal
  3233 | D:3      | 3233 ||| Stepping ~*~*~tactically~*~*~ (outnumbered).
  3235 | D:3      | 3235 ||| Stepping ~*~*~tactically~*~*~ (outnumbered).
  3235 | D:3      | HP: 5/29 [orc/+0 dagger (4)]
  3237 | D:3      | 3237 ||| Stepping ~*~*~tactically~*~*~ (outnumbered).
  3237 | D:3      | HP: 2/29 [orc/stone (1)]
  3238 | D:3      | 3238 ||| Stepping ~*~*~tactically~*~*~ (hiding).
  3239 | D:3      | 3239 ||| CASTING Summon Small Mammal
  3240 | D:3      | Slain by Terence

Levels and vault maps discovered:
D:1:      arrival_zaba_pyramid, layout_rooms,
          wander_ebering_terrifying_dragon_lair
D:2:      layout_rooms, serial_shops, shop, shapermc_ecumenical_altar_acropolis,
          minmay_statues_item
D:3:      layout_loops_ring, portal_sewer_entry_a, ebering_ghost_disaster_area,
          uniq_terence, uniq_natasha

Skill      XL: |  1  2  3 |
---------------+----------+-----
Axes           | 1 2 |  2.2
Fighting       | 1 2 |  2.0
Dodging        | |  1.7
Stealth        | |  2.1
Spellcasting   | |  1.7
Summonings     | |  3.6

Action                   || total
-------------------------++-------
Melee: Unarmed           ||    22
       Club              ||    48
       Punch             ||     1
       Rapier            ||    46
 Cast: Summon Small Mamm ||   104
  Use: Scroll            ||    12
       Potion            ||     1
 Stab: Distracted        ||     1
Armor: Robe              ||    28
       Ring mail         ||    33
Dodge: Dodged            ||    93

Table legend:
 A = Non-vault XP
 B = Vault XP
 C = Vault XP percentage of total XP
 D = Non-vault monster count
 E = Vault monster count
 F = Vault count percentage of total count
                 A         B        C        D         E       F
            +---------+---------+-------+---------+---------+-------
      Total |      67 |       1 |   1.5 |      38 |       1 |   2.6
            +---------+---------+-------+---------+---------+-------
        D:1 |      30 |       1 |   3.2 |      19 |       1 |   5.0
        D:2 |      35 |       0 |   0.0 |      18 |       0 |   0.0
        D:3 |       2 |       0 |   0.0 |       1 |       0 |   0.0
            +---------+---------+-------+---------+---------+-------
